[Event "2012 U.S. Junior Closed Champioship"]
[Site "?"]
[Date "2012.07.13"]
[Round "6.7"]
[White "Sturt, Raven"]
[Black "Troff, Kayden"]
[Result "1-0"]
[ECO "D78"]
[WhiteElo "2401"]
[BlackElo "2392"]
[PlyCount "81"]
[EventDate "2012.??.??"]
[TimeControl "6000+1090"]

1. d4 Nf6 2. c4 g6 3. g3 c6 4. Bg2 d5 5. Nf3 Bg7 6. O-O O-O 7. b3 dxc4 8. bxc4
c5 9. Bb2 Qb6 10. Qb3 Ne4 11. e3 Nc6 12. Ne5 Nd6 13. Nxc6 bxc6 14. dxc5 Qxc5
15. Bxg7 Kxg7 16. Nd2 Be6 17. Qc3+ f6 18. Nb3 Qxc4 19. Rfc1 Qxc3 20. Rxc3 Bd5
21. Bxd5 cxd5 22. Rd1 Rfc8 23. Rxc8 Rxc8 24. Rxd5 Kf7 25. Ra5 Rc7 26. Kf1 Ke8
27. Ra6 Kd7 28. Ke2 Nc8 29. Kd3 Nd6 30. f4 Kc8 31. Ra4 h5 32. e4 Kb7 33. Rb4+
Kc8 34. Ra4 Kb7 35. Rb4+ Kc8 36. Rd4 Kb7 37. a4 Ka6 38. Rd5 Nb7 39. e5 Rc6 40.
h4 Rb6 41. Ra5+ 1-0

[Event "2012 U.S. Junior Closed Champioship"]
[Site "?"]
[Date "2012.07.13"]
[Round "6.8"]
[White "Arnold, Marc"]
[Black "Rosen, Eric"]
[Result "1-0"]
[ECO "D30"]
[WhiteElo "2560"]
[BlackElo "2425"]
[PlyCount "55"]
[EventDate "2012.??.??"]
[TimeControl "6000+765"]

1. d4 d5 2. c4 e6 3. Nf3 Nf6 4. e3 a6 5. Nbd2 c5 6. b3 cxd4 7. Nxd4 Nc6 8. Bb2
Bd6 9. cxd5 Nxd4 10. Bxd4 e5 11. Bb2 Nxd5 12. a3 Bc7 13. Nc4 f6 14. Qh5+ g6 15.
Qf3 b5 16. O-O-O Bb7 17. e4 bxc4 18. Bxc4 Qe7 19. Bxd5 Bxd5 20. Rxd5 O-O 21.
Rhd1 Bb6 22. Rd7 Qc5+ 23. Kb1 Rad8 24. Qh3 Rxd7 25. Rxd7 h5 26. Qe6+ Kh8 27.
Rb7 Bc7 28. Qd7 1-0

[Event "2012 U.S. Junior Closed Champioship"]
[Site "?"]
[Date "2012.07.14"]
[Round "7.1"]
[White "Shen, Victor"]
[Black "Shetty, Atulya"]
[Result "0-1"]
[ECO "D10"]
[WhiteElo "2510"]
[BlackElo "2323"]
[PlyCount "56"]
[EventDate "2012.??.??"]
[TimeControl "6000+2310"]

1. d4 d5 2. c4 c6 3. Nc3 Nf6 4. e3 a6 5. Qc2 g6 6. Nf3 Bg7 7. Bd3 O-O 8. h3
Nbd7 9. b3 Re8 10. O-O e5 11. cxd5 cxd5 12. dxe5 Nxe5 13. Nxe5 Rxe5 14. Bb2
Bxh3 15. Ne2 Rg5 16. Nf4 Bf5 17. Rad1 Rc8 18. Qd2 Be4 19. f3 Bxd3 20. Qxd3 Qe7
21. Bxf6 Bxf6 22. Nxd5 Rxd5 23. Qxd5 Qxe3+ 24. Rf2 Rc2 25. Rdd2 Rc1+ 26. Rd1
Rxd1+ 27. Qxd1 Bd4 28. Qf1 Kg7 0-1

[Event "2012 U.S. Junior Closed Champioship"]
[Site "?"]
[Date "2012.07.14"]
[Round "7.2"]
[White "Fisher, Will"]
[Black "Holt, Conrad"]
[Result "0-1"]
[ECO "D19"]
[WhiteElo "2323"]
[BlackElo "2580"]
[PlyCount "68"]
[EventDate "2012.??.??"]
[TimeControl "6000+750"]

1. d4 d5 2. c4 c6 3. Nf3 Nf6 4. Nc3 dxc4 5. a4 Bf5 6. e3 e6 7. Bxc4 Bb4 8. O-O
O-O 9. Qe2 Bg4 10. Rd1 Qa5 11. e4 Qh5 12. h3 Bxf3 13. Qxf3 Qxf3 14. gxf3 Nbd7
15. Na2 Be7 16. a5 a6 17. Be3 Rfd8 18. Be2 Nf8 19. Nc3 Ng6 20. Na4 Nh5 21. Nb6
Rab8 22. Nc4 h6 23. Rab1 Bg5 24. b4 Nhf4 25. Bxf4 Nxf4 26. Bf1 Bf6 27. e5 Be7
28. Nb6 Nd5 29. Nxd5 Rxd5 30. Rbc1 Bxb4 31. Rb1 Bxa5 32. Bxa6 b5 33. Ra1 Bc3
34. Rac1 Bxd4 0-1

[Event "2012 U.S. Junior Closed Champioship"]
[Site "?"]
[Date "2012.07.14"]
[Round "7.3"]
[White "Yang, Darwin"]
[Black "Michaelides, Matthew"]
[Result "1/2-1/2"]
[ECO "E44"]
[WhiteElo "2523"]
[BlackElo "2179"]
[PlyCount "82"]
[EventDate "2012.??.??"]
[TimeControl "6000+1090"]

1. d4 Nf6 2. c4 e6 3. Nc3 Bb4 4. e3 b6 5. Nge2 c5 6. a3 Ba5 7. Rb1 Na6 8. g3
Bb7 9. d5 b5 10. Bg2 bxc4 11. O-O Bxc3 12. Nxc3 exd5 13. Nxd5 Nxd5 14. Bxd5 Qb6
15. Bxb7 Qxb7 16. Qd6 Nc7 17. Bd2 Qb6 18. Qe5+ Ne6 19. Bc3 d6 20. Qd5 O-O 21.
Rbd1 Rad8 22. Qxc4 Rfe8 23. h4 h6 24. Rd2 Qc6 25. Rfd1 Qf3 26. Qd5 Qg4 27. Kg2
Nf8 28. f3 Qa4 29. e4 Rd7 30. Qf5 Re6 31. h5 Nh7 32. Qd5 Nf8 33. g4 Re8 34. Qf5
Ne6 35. Kg3 Rdd8 36. Qd5 Qb5 37. Qf5 Qa4 38. Qd5 Qb5 39. Qd3 Qb8 40. Qd5 Qb5
41. Qd3 Qb8 1/2-1/2

[Event "2012 U.S. Junior Closed Champioship"]
[Site "?"]
[Date "2012.07.14"]
[Round "7.4"]
[White "Xiong, Jeffery"]
[Black "Getz, Alec"]
[Result "0-1"]
[ECO "C77"]
[WhiteElo "2369"]
[BlackElo "2412"]
[PlyCount "98"]
[EventDate "2012.??.??"]
[TimeControl "6000+1600"]

1. e4 e5 2. Nf3 Nc6 3. Bb5 a6 4. Ba4 Nf6 5. d4 exd4 6. O-O Be7 7. Re1 O-O 8.
Bg5 b5 9. Bb3 d6 10. Bxf6 Bxf6 11. Bd5 Bd7 12. Bxc6 Bxc6 13. Nxd4 Bb7 14. c3
Re8 15. Qd3 d5 16. e5 Bxe5 17. Nd2 c5 18. N4f3 Bf6 19. Qf5 Qd6 20. Rad1 Rxe1+
21. Rxe1 g6 22. Qd3 Rd8 23. Qe3 Kg7 24. h3 Bc6 25. Qd3 Qf4 26. a3 h5 27. g3 Qd6
28. Kg2 a5 29. Kg1 a4 30. h4 Qb8 31. Qe3 Qd6 32. Qd3 c4 33. Qc2 d4 34. cxd4
Bxd4 35. Nxd4 Qxd4 36. Re2 Rd6 37. Qc1 Kh7 38. Qe1 c3 39. bxc3 Qxc3 40. Kh2
Qxa3 41. Ne4 Bxe4 42. Rxe4 Qd3 43. Rf4 Rd7 44. Qe8 Qd5 45. Qf8 Qe6 46. Qb8 Rd5
47. Qa7 Rf5 48. Rb4 Qe1 49. Rb2 Qc3 0-1

[Event "2012 U.S. Junior Closed Champioship"]
[Site "?"]
[Date "2012.07.14"]
[Round "7.5"]
[White "Rosen, Eric"]
[Black "Williams, Justus"]
[Result "0-1"]
[ECO "A16"]
[WhiteElo "2425"]
[BlackElo "2314"]
[PlyCount "96"]
[EventDate "2012.??.??"]
[TimeControl "6000+740"]

1. c4 Nf6 2. Nc3 c5 3. Nf3 d6 4. d4 cxd4 5. Nxd4 Nc6 6. e4 g6 7. Be2 Nxd4 8.
Qxd4 Bg7 9. Be3 O-O 10. Qd2 a5 11. a4 Be6 12. Rb1 Rc8 13. b3 Nd7 14. O-O Nc5
15. Bd3 Bd7 16. Bc2 Bc6 17. f3 Rc7 18. Ne2 Rd7 19. Nd4 Na6 20. Rbd1 Nb4 21. Bb1
Re8 22. Qf2 e6 23. Rd2 Qe7 24. Rfd1 d5 25. Nxc6 bxc6 26. Bc5 Qd8 27. Bb6 Qa8
28. cxd5 Bc3 29. Re2 cxd5 30. exd5 Rxd5 31. Rc1 Bg7 32. Be4 Nd3 33. Bxd5 Qxd5
34. Rd2 Qxb3 35. Rxd3 Qxd3 36. Qc5 Bh6 37. Re1 Bd2 38. Re4 Bb4 39. Qc6 Rb8 40.
Bd4 Qd1+ 41. Kf2 Be1+ 42. Rxe1 Qxd4+ 43. Kg3 Rb2 44. Re4 Qf2+ 45. Kf4 Qh4+ 46.
g4 Qxh2+ 47. Kg5 Qd2+ 48. Rf4 h6+ 0-1

[Event "2012 U.S. Junior Closed Champioship"]
[Site "?"]
[Date "2012.07.14"]
[Round "7.6"]
[White "Troff, Kayden"]
[Black "Arnold, Marc"]
[Result "1/2-1/2"]
[ECO "D35"]
[WhiteElo "2392"]
[BlackElo "2560"]
[PlyCount "60"]
[EventDate "2012.??.??"]
[TimeControl "6000+880"]

1. d4 Nf6 2. c4 e6 3. Nc3 d5 4. cxd5 exd5 5. Bg5 c6 6. e3 Bf5 7. Bd3 Bxd3 8.
Qxd3 Nbd7 9. Nge2 Be7 10. O-O O-O 11. Rae1 Nh5 12. Bxe7 Qxe7 13. g4 Qg5 14. Qf5
Qxf5 15. gxf5 g6 16. Ng3 Nxg3 17. fxg3 Nf6 18. e4 dxe4 19. fxg6 fxg6 20. Nxe4
Nxe4 21. Rxe4 Rfe8 22. Rfe1 Rxe4 23. Rxe4 Kf7 24. Kf2 Rd8 25. Ke3 Rd5 26. Kd3
Ra5 27. a3 Rb5 28. b4 a5 29. Kc4 axb4 30. axb4 Rd5 1/2-1/2

[Event "2012 U.S. Junior Closed Champioship"]
[Site "?"]
[Date "2012.07.14"]
[Round "7.7"]
[White "Cao, Kevin"]
[Black "Sturt, Raven"]
[Result "1-0"]
[ECO "B19"]
[WhiteElo "2233"]
[BlackElo "2401"]
[PlyCount "111"]
[EventDate "2012.??.??"]
[TimeControl "6000+1060"]

1. e4 c6 2. d4 d5 3. Nc3 dxe4 4. Nxe4 Bf5 5. Ng3 Bg6 6. h4 h6 7. Nf3 Nd7 8. h5
Bh7 9. Bd3 Bxd3 10. Qxd3 e6 11. Bf4 Qa5+ 12. Bd2 Bb4 13. c3 Be7 14. c4 Qc7 15.
O-O-O Ngf6 16. Rhe1 O-O 17. Nf5 exf5 18. Rxe7 Qd6 19. Re2 Nxh5 20. Qxf5 Nhf6
21. Ne5 Rfe8 22. f4 b5 23. Rde1 Rf8 24. g4 bxc4 25. g5 Nxe5 26. fxe5 Qd7 27.
Qc2 Nd5 28. gxh6 g6 29. e6 Qe7 30. Rg2 Kh7 31. exf7 Qxf7 32. Qxc4 Rae8 33. Rge2
Qd7 34. Rxe8 Rxe8 35. Rf1 Re6 36. Qc5 Rd6 37. Qc2 Re6 38. Qb3 Nf6 39. Qb8 Re8
40. Qf4 Re6 41. Qb8 Re8 42. Qf4 Re6 43. Bb4 a6 44. Qb8 Qxd4 45. Qc7+ Kxh6 46.
Bd2+ Kh5 47. Rh1+ Kg4 48. Qh2 Qc4+ 49. Kd1 Kf5 50. Qh6 Qg4+ 51. Kc1 Ke5 52.
Bc3+ Kf5 53. Rf1+ Ke4 54. Qd2 c5 55. Kc2 Qg3 56. Rf4+ {Kd5} 1-0

[Event "2012 U.S. Junior Closed Champioship"]
[Site "?"]
[Date "2012.07.14"]
[Round "7.8"]
[White "Naroditsky, Daniel"]
[Black "Perez, Robert"]
[Result "1/2-1/2"]
[ECO "B93"]
[WhiteElo "2548"]
[BlackElo "2483"]
[PlyCount "93"]
[EventDate "2012.??.??"]
[TimeControl "6000+985"]

1. e4 c5 2. Nc3 a6 3. Nf3 d6 4. d4 cxd4 5. Nxd4 Nf6 6. f4 e5 7. Nf3 Qc7 8. a4
b6 9. Bd3 Bb7 10. O-O Nbd7 11. Kh1 Be7 12. Qe1 O-O 13. b3 Nc5 14. Bb2 exf4 15.
Nd4 d5 16. e5 Nfe4 17. b4 Qxe5 18. Nce2 Nxd3 19. cxd3 Nf6 20. Rxf4 Rfe8 21. Rf5
Qe3 22. Rf3 Qe5 23. Rf5 Qc7 24. Qd2 Bc8 25. Rc1 Qd6 26. Ng3 h6 27. Nc6 Bxf5 28.
Nxf5 Qe6 29. Ncxe7+ Rxe7 30. Nxe7+ Qxe7 31. Re1 Qd6 32. Be5 Qe6 33. Bd4 Qd6 34.
Be5 Qd8 35. Qc3 Ng4 36. Qd4 Nxe5 37. Rxe5 Rc8 38. h3 Rc1+ 39. Kh2 Qc7 40. Qf4
Kf8 41. Kg3 Rc6 42. Rxd5 Rg6+ 43. Kf3 Qxf4+ 44. Kxf4 Rxg2 45. Rd8+ Ke7 46. Rb8
Rf2+ 47. Ke4 1/2-1/2